 Dungeon Crawl Stone Soup version 0.27.1-2-g3b301248ec (webtiles) character file.

Game seed: 13321409130501849542

4918 Urokeeper the Covert (level 10, 0/79 HPs)
             Began as a Human Brigand on Sept 30, 2021.
             Was a Follower of Trog.
             Slain by a wolf (5 damage)
             ... led by Grum
             ... on level 10 of the Dungeon on Oct 1, 2021.
             The game lasted 01:10:16 (11497 turns).

Urokeeper the Covert (Human Brigand)               Turns: 11497, Time: 01:10:17

Health: 0/79       AC: 12    Str: 14    XL:     10   Next: 80%
Magic:  10/10      EV: 12    Int: 12    God:    Trog [*.....]
Gold:   633        SH:  0    Dex: 15    Spells: 9/9 levels left

rFire    + . .     SeeInvis .   e - +1 short sword (venom)
rCold    . . .     Faith    .   (no shield)
rNeg     . . .     Spirit   .   j - +0 scale mail
rPois    .         Reflect  .   (no helmet)
rElec    .         Harm     .   p - +2 cloak
rCorr    .         Rampage  .   (no gloves)
Will     .....                  f - +0 pair of boots
Stlth    +++.......             (no amulet)
HPRegen  0.23/turn              y - ring of protection from fire
MPRegen  0.12/turn              (no ring)

@: on berserk cooldown, slowed, very slow
A: no striking features
a: Renounce Religion, Berserk


You were on level 10 of the Dungeon.
You worshipped Trog.
Trog was aware of your devotion.
You visited 3 branches of the dungeon, and saw 13 of its levels.

You collected 633 gold pieces.

Inventory:

Hand Weapons
 a - a +4 dagger
 e - a +1 short sword of venom (weapon)
 u - a +3 short sword
 v - a +0 short sword
 A - a +2 dagger of venom
Missiles
 d - 45 poisoned darts (quivered)
 r - 12 boomerangs
Armour
 f - a +0 pair of boots (worn)
 j - a +0 scale mail (worn)
 p - a +2 cloak (worn)
 D - +0 steam dragon scales
Jewellery
 y - a ring of protection from fire (left hand)
Wands
 B - a wand of flame (13)
 E - a wand of iceblast (7)
 G - a wand of paralysis (8)
Scrolls
 h - a scroll of holy word
 i - 3 scrolls of magic mapping
 k - 2 scrolls of noise
 n - 2 scrolls of torment
 o - 2 scrolls of fear {unknown}
 s - 2 scrolls of teleportation
 z - 2 scrolls of fog {unknown}
 C - a scroll of amnesia {unknown}
 H - a scroll of blinking
Potions
 b - a potion of attraction
 c - 3 potions of curing
 g - 2 potions of flight
 l - a potion of cancellation
 m - a potion of invisibility
 q - 2 potions of degeneration {unknown}
 t - a potion of brilliance {unknown}
 w - 3 potions of heal wounds {unknown}
 x - a potion of haste {unknown}
 F - 2 potions of berserk rage {unknown}


   Skills:
 + Level 7.1 Fighting
 + Level 7.0 Short Blades
 - Level 2.0 Throwing
 + Level 6.6 Armour
 + Level 6.8 Dodging
 + Level 8.5 Stealth


You had 9 spell levels left.
You didn't know any spells.
Your spell library contained the following spells:

 Spells                   Type           Power      Damage    Failure   Level
 Foxfire                  Conj/Fire      0%         2x1d4     77%         1
 Conjure Flame            Conj/Fire      0%         6-21      98%         3
 Inner Flame              Hex/Fire       0%         N/A       98%         3


Dungeon Overview and Level Annotations

Branches:
Dungeon (11/15)            Temple (1/1) D:4            Lair (1/6) D:9
    Orc: D:9-12

Altars:
Ashenzari
Cheibriados
Dithmenos
Elyvilon
Fedhas
Gozag
Hepliaklqana
Kikubaaqudgha
Makhleb
Nemelex Xobeh
Okawaru
Qazlal
Sif Muna
Trog
Uskayaw
Vehumet
Wu Jian
Xom
Yredelemnul
Zin
The Shining One

Shops:
D:10 !

Annotations:
D:4 1 runed translucent door, CrypticCrinoid's ghost, novice MiBe
D:9 1 runed translucent door
D:11 Grum


Message History

The wolf bites you but does no damage. x2; The wolf bites you.
The wolf bites you. The wolf closely misses you. x2
The wolf bites you. x2; The wolf barely misses you.
The wolf bites you but does no damage. The wolf barely misses you.
The wolf barely misses you. The wolf misses you.
The wolf bites you but does no damage. The wolf misses you.
The wolf closely misses you. The wolf bites you. The wolf closely misses you.
The wolf bites you but does no damage. The wolf completely misses you.
The wolf bites you.
You barely miss the wolf. The wolf bites you.
* * * LOW HITPOINT WARNING * * *
The wolf bites you but does no damage. The wolf closely misses you.
The wolf bites you but does no damage.
You barely miss the wolf. The wolf bites you.
* * * LOW HITPOINT WARNING * * *
The wolf bites you!
* * * LOW HITPOINT WARNING * * *
The wolf bites you but does no damage.
You barely miss the wolf. The wolf bites you but does no damage.
The wolf barely misses you. x2; The wolf closely misses you.
You miss the wolf. The wolf barely misses you.
The wolf bites you but does no damage. x2; The wolf bites you.
* * * LOW HITPOINT WARNING * * *
You hit the wolf.
The wolf is lightly wounded.
The wolf closely misses you. The wolf completely misses you.
The wolf bites you but does no damage. x2
You hit the wolf but do no damage.
The wolf is poisoned.
The wolf is lightly wounded.
The wolf bites you but does no damage. x4
You hit the wolf.
The wolf looks as sick as possible!
The wolf is moderately wounded.
The wolf bites you but does no damage. The wolf bites you.
* * * LOW HITPOINT WARNING * * *
The wolf bites you.
* * * LOW HITPOINT WARNING * * *
The wolf closely misses you. The wolf closely misses you. The wolf bites you.
You die...

...# ##..## ##..## ##.......
...# ##..###..## ##...... ...#
#...#..## #..###. ...##
####.....# #..# ##
....#####.....#..# ##.## #
.............##..## #..#
#............###<.# ##..#
##....####....##..## #..##
#..............@..## #...#####
##.............hh..#####.......#
#.......####........).)........
###.......# ###...#####(........
#.........# ##..# ##........
...)......## ###.## #........
....####...####...## ##.......
...## ###..#>.....## ##........
...# ##....##...####.........


You could see 2 wolves.

Vanquished Creatures
  The ghost of sweetandcool the Nimble, a journeyman DjGl of Qazlal (D:8)
  A two-headed ogre (D:8)
  A death yak (shapeshifter) (D:9)
  A troll (D:10)
  A hornet (D:7)
  A wraith (D:10)
  A steam dragon (D:9)
  2 water moccasins (D:7)
  An orc warrior (D:10)
  An ice beast (D:7)
  2 sky beasts
  A necrophage (D:4)
  A black bear (D:8)
  An ogre (D:7)
  A wolf (D:11)
  A centaur (D:7)
  2 kobold brigands
  A gnoll sergeant (D:6)
  A bullfrog (D:8)
  8 howler monkeys
  A bullfrog zombie (D:5)
  2 centaur zombies
  2 hounds
  Crazy Yiuf (D:3)
  A bullfrog skeleton (D:5)
  A gnoll shaman (D:5)
  5 jellies
  Ijyb (D:3)
  An iguana (D:6)
  3 adders
  12 gnolls
  A howler monkey skeleton (D:7)
  A white imp (D:6)
  A worm (D:3)
  4 dart slugs
  12 orcs
  6 ball pythons
  3 bats
  7 endoplasms
  2 giant cockroaches (D:1)
  9 goblins
  5 hobgoblins
  3 jackals (D:1)
  6 quokkas
  5 frilled lizards
  A jackal skeleton (D:9)
  14 kobolds
  7 rats
147 creatures vanquished.

Vanquished Creatures (others)
  19 fungi (D:6)
  3 plants (D:5)
22 creatures vanquished.

Grand Total: 169 creatures vanquished

Notes
Turn   | Place    | Note
-------+----------+-------------------------------------------
     0 | D:1      | Urokeeper the Human Brigand began the quest for the Orb.
     0 | D:1      | Reached XP level 1. HP: 16/16 MP: 1/1
   190 | D:1      | Reached XP level 2. HP: 22/22 MP: 2/2
   535 | D:1      | Reached XP level 3. HP: 27/27 MP: 3/3
   824 | D:1      | Reached skill level 1 in Armour
  1410 | D:2      | Reached XP level 4. HP: 20/34 MP: 4/4
  1700 | D:2      | Found a faded altar of an unknown god.
  2589 | D:3      | Reached XP level 5. HP: 10/39 MP: 5/5
  2858 | D:3      | Noticed Ijyb
  2876 | D:3      | Killed Ijyb
  3046 | D:3      | Found a snail-covered altar of Cheibriados.
  3212 | D:3      | Found a white marble altar of Elyvilon.
  3558 | D:3      | Found a shimmering altar of Xom.
  3588 | D:3      | Found a stormy altar of Qazlal.
  3731 | D:3      | Found a runed translucent door.
  3732 | D:3      | Noticed Crazy Yiuf
  3738 | D:3      | Killed Crazy Yiuf
  3838 | D:4      | Reached XP level 6. HP: 47/47 MP: 6/6
  3941 | D:4      | Found a runed translucent door.
  3941 | D:4      | Noticed CrypticCrinoid's ghost (novice MiBe)
  3942 | D:4      | Noticed a necrophage
  3990 | D:4      | Killed a necrophage
  3991 | D:4      | Reached skill level 5 in Stealth
  4506 | D:4      | Found a staircase to the Ecumenical Temple.
  4693 | Temple   | Entered the Ecumenical Temple
  4913 | Temple   | Became a worshipper of Trog the Wrathful
  4994 | D:5      | Entered Level 5 of the Dungeon
  5015 | D:5      | Found an ornate altar of the Wu Jian Council.
  5044 | D:5      | Reached XP level 7. HP: 30/52 MP: 7/7
  5779 | D:6      | Reached XP level 8. HP: 50/60 MP: 8/8
  6465 | D:7      | Reached skill level 6 in Stealth
  6504 | D:7      | Noticed a hornet
  6956 | D:7      | Found a shadowy altar of Dithmenos.
  7017 | D:7      | Reached skill level 5 in Fighting
  7230 | D:7      | Reached skill level 5 in Short Blades
  7336 | D:7      | Found an opulent altar of Gozag.
  7387 | D:8      | Found a runed translucent door.
  7388 | D:8      | Noticed sweetandcool's ghost (journeyman DjGl)
  7421 | D:8      | Killed sweetandcool's ghost
  7422 | D:8      | Reached skill level 5 in Armour
  7422 | D:8      | Reached skill level 5 in Dodging
  7422 | D:8      | Reached skill level 7 in Stealth
  7422 | D:8      | Reached XP level 9. HP: 46/69 MP: 9/9
  7581 | D:8      | Noticed a two-headed ogre
  7637 | D:8      | Killed a two-headed ogre
  7638 | D:8      | Reached XP level 10. HP: 37/76 MP: 10/10
  8574 | D:9      | Reached * piety under Trog
  8980 | D:9      | Reached skill level 8 in Stealth
  9098 | D:9      | Found a runed translucent door.
  9104 | D:9      | Found a basalt altar of Yredelemnul.
  9175 | D:9      | Found a staircase to the Lair.
  9180 | D:9      | Noticed a death yak
  9182 | Lair:1   | Entered Level 1 of the Lair of Beasts
  9182 | Lair:1   | Noticed a cane toad
  9182 | Lair:1   | Noticed a komodo dragon
  9225 | D:9      | Killed a death yak
  9700 | D:10     | Entered Level 10 of the Dungeon
  9710 | D:10     | Found a glowing silver altar of Zin.
 10282 | D:10     | Found Pirrucw's Distillery.
 11426 | D:11     | Noticed a two-headed ogre
 11473 | D:11     | Noticed Grum
 11497 | D:10     | Slain by a wolf

Illustrated notes

Levels and vault maps discovered:
D:1:      erik_arrival_cave_to_civilisation [erik_arrival_cave_to_hall],
          layout_basic
D:2:      kb_forest_paths, layout_basic, shapermc_ecumenical_altar_pompeii
D:3:      layout_loops_ring, nicolae_overflow_hidden_temple,
          nicolae_elyvilon_peaceful_grove, mainiacjoe_overflow_big_doors,
          chequers_avenue, uniq_crazy_yiuf_cottage, uniq_robin, uniq_ijyb
D:4:      minmay_angry_zag, layout_cave_pools, lemuel_temple_firewalk_b,
          hellmonk_ghost_happy_afterlife
D:5:      lemuel_ratsnest, layout_rooms, mainiacjoe_overflow_cross_hatched,
          mainiacjoe_overflow_surrounded_room
D:6:      layout_rooms, serial_aquarium, aquarium_bridge_straight
          [aquarium_subvault_bridge, aquarium_subvault_wall,
          aquarium_subvault_bridge, aquarium_subvault_window],
          aquarium_bridge_island_small [aquarium_subvault_small_water,
          aquarium_subvault_wall, aquarium_subvault_window,
          aquarium_subvault_bridge, aquarium_subvault_window],
          aquarium_window_2, aquarium_window_1, aquarium_window_corner,
          aquarium_view_2f, aquarium_balcony_3a, aquarium_pool_1
D:7:      layout_gridville, grunt_dithmenos_smoke_and_mirrors,
          lemuel_coloured_pillars_altar
D:8:      layout_rooms, ebering_ghost_reflecting_pool
D:9:      layout_irregular_city, dk_yredelemnul_ordeal, lair_entry_dummy
D:10:     layout_layer_cave, zin_academy, serial_shops, nicolae_take_the_stairs
D:11:     layout_basic, david_orc_4, serial_shops, nicolae_square_shop,
          minmay_joined_circles, uniq_grum, uniq_sonja
Temple:   minmay_temple_bridge_abc
Lair:1:   layout_small_grid

Skill      XL: |  1  2  3  4  5  6  7  8  9 10 |
---------------+-------------------------------+-----
Armour         | 1 2 3 5 6 |  6.6
Dodging        | 2 3 5 6 |  6.8
Short Blades   | 3 4 5 6 7 |  7.0
Fighting       | 3 4 5 6 7 |  7.1
Stealth        | 5 7 8 |  8.5
Throwing       | |  2.0

Action                   |  1- 3 |  4- 6 |  7- 9 | 10-12 || total
-------------------------+-------+-------+-------+-------++-------
Melee: Dagger            |    89 |   186 |   170 |    63 ||   508
       Short sword       |       |       |       |   137 ||   137
Throw: Dart              |       |    18 |    36 |    17 ||    71
       Boomerang         |       |       |     6 |       ||     6
       Throwing net      |       |       |     2 |       ||     2
Invok: Berserk           |       |       |       |     2 ||     2
Evoke: Wand              |       |       |    14 |     4 ||    18
  Use: Scroll            |     2 |     7 |     5 |     2 ||    16
       Potion            |     1 |     1 |     1 |       ||     3
 Stab: Sleeping          |     9 |     8 |     1 |     1 ||    19
Armor: Robe              |    18 |     2 |       |       ||    20
       Leather armour    |       |    42 |     6 |       ||    48
       Ring mail         |       |       |    62 |     4 ||    66
       Scale mail        |       |       |       |    82 ||    82
       Steam dragon scal |       |       |       |     1 ||     1
Dodge: Dodged            |    34 |    81 |    79 |   127 ||   321
